| TOP OF THE 1ST |
|
Corpus Christi Hooks batting - Pitching for Bowie Baysox : RHP Travis Tovey
|
|
Pitching: RHP Travis Tovey
|
|
|
Now in RF: Justin Toth
|
|
|
Batting: RHB Paul Shell
|
0-0: Called Strike 0-1: Swinging Strike 0-2: Fly out, F9 (Flyball, 89M, EV 96.9 MPH)
|
|
Batting: RHB Antonio Gamez
|
0-0: Swinging Strike 0-1: Ball 1-1: Ball 2-1: Ball 3-1: Called Strike 3-2: Strikes out swinging
|
|
Batting: LHB Nick Foutz
|
0-0: Ball 1-0: Called Strike 1-1: Ball 2-1: Called Strike 2-2: Strikes out swinging
|
| Top of the 1st over - 0 runs, 0 hits, 0 errors, 0 left on base; Corpus Christi 0 - Bowie 0 |
| BOTTOM OF THE 1ST |
|
Bowie Baysox batting - Pitching for Corpus Christi Hooks : RHP Chad Curry
|
|
Pitching: RHP Chad Curry
|
|
|
Batting: RHB Francisco Viera
|
0-0: Ball 1-0: Swinging Strike 1-1: Called Strike 1-2: Ball 2-2: Foul Ball, location: 2F 2-2: Ball 3-2: Foul Ball, location: 2F 3-2: Strikes out swinging
|
|
Batting: RHB Danny Merrill
|
0-0: Ball 1-0: SINGLE (Groundball, 4, EV 95.6 MPH)
|
|
Pitching: RHP John Zike
|
|
|
Batting: SHB Tony Pantaleon
|
0-0: Ball Wild Pitch! Danny Merrill to second 1-0: Called Strike 1-1: Swinging Strike 1-2: Ball 2-2: Ball 3-2: Foul Ball, location: 2F 3-2: Base on Balls
|
|
Batting: LHB Andrew Erens
|
0-0: Ball Tony Pantaleon steals 2nd base Danny Merrill steals 3rd base 1-0: Called Strike 1-1: Ball 2-1: Foul Ball, location: 2F 2-2: Ball 3-2: Foul Ball, location: 2F 3-2: Base on Balls
|
|
Batting: RHB Andy Chess
|
0-0: SINGLE (Groundball, 6MD, EV 97.5 MPH) Danny Merrill scores Tony Pantaleon to third Andrew Erens to second Runner from 3rd tries for Home, SAFE, throw by CF to home
|
|
Batting: RHB Ashton Holloway
|
0-0: Foul Ball, location: 2F 0-1: Ball 1-1: Called Strike 1-2: Grounds into double play, 4-6-3 (Groundball, 4M, EV 88.1 MPH)
|
| Bottom of the 1st over - 2 runs, 2 hits, 0 errors, 1 left on base; Corpus Christi 0 - Bowie 2 |
| TOP OF THE 2ND |
|
Corpus Christi Hooks batting - Pitching for Bowie Baysox : RHP Travis Tovey
|
|
Batting: LHB Sean Trueblood
|
0-0: Foul Ball, location: 2F 0-1: Called Strike 0-2: Ball 1-2: SINGLE (Line Drive, 78S, EV 103.8 MPH)
|
|
Batting: SHB Nate Kopchak
|
0-0: Ball 1-0: Called Strike 1-1: Called Strike 1-2: Grounds into double play, 6-4-3 (Groundball, 6, EV 85.6 MPH)
|
|
Batting: LHB Daniel Lopez
|
0-0: Ball 1-0: Ground out U3 (Groundball, 3, EV 80.0 MPH)
|
| Top of the 2nd over - 0 runs, 1 hit, 0 errors, 0 left on base; Corpus Christi 0 - Bowie 2 |
| BOTTOM OF THE 2ND |
|
Bowie Baysox batting - Pitching for Corpus Christi Hooks : RHP John Zike
|
|
Batting: RHB Vince Jackson
|
0-0: Ball 1-0: Swinging Strike 1-1: Ball 2-1: Ball 3-1: Swinging Strike 3-2: Strikes out looking
|
|
Batting: SHB Justin Toth
|
0-0: Ball 1-0: SINGLE (Line Drive, 7LS, EV 98.1 MPH)
|
|
Batting: RHB Adam Swimmer
|
0-0: Called Strike Justin Toth is caught stealing 2nd base 2-4 0-1: Foul Ball, location: 2F 0-2: Fly out, F4 (Line Drive, 4, EV 68.8 MPH)
|
| Bottom of the 2nd over - 0 runs, 1 hit, 0 errors, 0 left on base; Corpus Christi 0 - Bowie 2 |
| TOP OF THE 3RD |
|
Corpus Christi Hooks batting - Pitching for Bowie Baysox : RHP Travis Tovey
|
|
Batting: RHB Chris McGrath
|
0-0: Ball 1-0: Foul Ball, location: 2F 1-1: Fly out, F8 (Flyball, 89S, EV 90.0 MPH)
|
|
Batting: RHB Jordan Williams
|
0-0: Ball 1-0: Called Strike 1-1: Ball 2-1: Foul Ball, location: 2F 2-2: Ball 3-2: Foul Ball, location: 2F 3-2: Strikes out looking
|
|
Batting: RHB Jim Huff
|
0-0: Foul Ball, location: 2F 0-1: Foul Ball, location: 2F 0-2: Ground out 5-3 (Groundball, 5L, EV 86.3 MPH)
|
| Top of the 3rd over - 0 runs, 0 hits, 0 errors, 0 left on base; Corpus Christi 0 - Bowie 2 |
| BOTTOM OF THE 3RD |
|
Bowie Baysox batting - Pitching for Corpus Christi Hooks : RHP John Zike
|
|
Batting: RHB Francisco Viera
|
0-0: Ground out 1-3 (Groundball, P, EV 68.1 MPH)
|
|
Batting: RHB Danny Merrill
|
0-0: Swinging Strike 0-1: Ball 1-1: SINGLE (Groundball, 56, EV 104.4 MPH) (infield hit)
|
|
Batting: SHB Tony Pantaleon
|
0-0: Called Strike Danny Merrill steals 2nd base 0-1: SINGLE (Line Drive, 9S, EV 87.5 MPH) Danny Merrill to third Runner from 3rd tries for Home, SAFE, throw by RF to home
|
|
Batting: LHB Andrew Erens
|
0-0: Fly out, F8 (Line Drive, 8LM, EV 100.0 MPH)
|
|
Batting: RHB Andy Chess
|
0-0: Ball 1-0: Called Strike 1-1: Ball 2-1: Called Strike 2-2: Foul Ball, location: 2F 2-2: Foul Ball, location: 2F 2-2: Fly out, F9 (Flyball, 9, EV 93.8 MPH)
|
| Bottom of the 3rd over - 1 run, 2 hits, 0 errors, 1 left on base; Corpus Christi 0 - Bowie 3 |
| TOP OF THE 4TH |
|
Corpus Christi Hooks batting - Pitching for Bowie Baysox : RHP Travis Tovey
|
|
Batting: RHB Paul Shell
|
0-0: Swinging Strike 0-1: Ball 1-1: Ball 2-1: Ground out 5-3 (Groundball, 15, EV 86.9 MPH)
|
|
Batting: RHB Antonio Gamez
|
0-0: Ground out 3-1 (Groundball, 34, EV 106.3 MPH)
|
|
Batting: LHB Nick Foutz
|
0-0: Foul Ball, location: 2F 0-1: Foul Ball, location: 2F 0-2: Foul Ball, location: 2F 0-2: Ball 1-2: SOLO HOME RUN (Flyball, 9D, EV 98.1 MPH), Distance : 372 ft
|
|
Batting: LHB Sean Trueblood
|
0-0: Called Strike 0-1: Foul Ball, location: 2F 0-2: Ball 1-2: Ball 2-2: SOLO HOME RUN (Flyball, 9LD, EV 94.4 MPH), Distance : 339 ft
|
|
Batting: SHB Nate Kopchak
|
0-0: Ball 1-0: Called Strike 1-1: Fly out, F8 (Line Drive, 8LM, EV 86.3 MPH)
|
| Top of the 4th over - 2 runs, 2 hits, 0 errors, 0 left on base; Corpus Christi 2 - Bowie 3 |
| BOTTOM OF THE 4TH |
|
Bowie Baysox batting - Pitching for Corpus Christi Hooks : RHP John Zike
|
|
Batting: RHB Ashton Holloway
|
0-0: Swinging Strike 0-1: Fly out, F8 (Flyball, 89M, EV 91.3 MPH)
|
|
Batting: RHB Vince Jackson
|
0-0: Called Strike 0-1: Foul Ball, location: 2F 0-2: Ball 1-2: Ground out 6-3 (Groundball, 6, EV 81.3 MPH)
|
|
Batting: SHB Justin Toth
|
0-0: Called Strike 0-1: SOLO HOME RUN (Flyball, 9D, EV 96.3 MPH), Distance : 365 ft
|
|
Batting: RHB Adam Swimmer
|
0-0: Foul Ball, location: 2F 0-1: Foul Ball, location: 2F 0-2: Ball 1-2: Foul Ball, location: 2F 1-2: Ball 2-2: Foul Ball, location: 2F 2-2: Strikes out swinging
|
| Bottom of the 4th over - 1 run, 1 hit, 0 errors, 0 left on base; Corpus Christi 2 - Bowie 4 |
| TOP OF THE 5TH |
|
Corpus Christi Hooks batting - Pitching for Bowie Baysox : RHP Travis Tovey
|
|
Batting: LHB Daniel Lopez
|
0-0: Called Strike 0-1: Ball 1-1: Called Strike 1-2: Ground out 6-3 (Groundball, 6S, EV 72.5 MPH)
|
|
Batting: RHB Chris McGrath
|
0-0: Called Strike 0-1: Ball 1-1: Ball 2-1: Ground out 5-3 (Groundball, 5, EV 103.8 MPH)
|
|
Batting: RHB Jordan Williams
|
0-0: Called Strike 0-1: Foul Ball, location: 2F 0-2: Ball 1-2: Foul Ball, location: 2F 1-2: Strikes out looking
|
| Top of the 5th over - 0 runs, 0 hits, 0 errors, 0 left on base; Corpus Christi 2 - Bowie 4 |
| BOTTOM OF THE 5TH |
|
Bowie Baysox batting - Pitching for Corpus Christi Hooks : RHP John Zike
|
|
Batting: RHB Francisco Viera
|
0-0: Ball 1-0: Ball 2-0: Called Strike 2-1: Ball 3-1: Ground out 4-3 (Groundball, 13, EV 86.9 MPH)
|
|
Batting: RHB Danny Merrill
|
0-0: Ball 1-0: Swinging Strike 1-1: Foul Ball, location: 2F 1-2: Ball 2-2: SINGLE (Line Drive, 89S, EV 105.0 MPH)
|
|
Pitching: RHP Bill Garcia
|
|
|
Batting: SHB Tony Pantaleon
|
0-0: Ball Danny Merrill steals 2nd base 1-0: DOUBLE (Line Drive, 7LS, EV 99.4 MPH) Danny Merrill scores
|
|
Batting: LHB Andrew Erens
|
0-0: Ball Wild Pitch! Tony Pantaleon to third 1-0: Ground out 4-3 (Groundball, 34, EV 84.4 MPH)
|
|
Batting: RHB Andy Chess
|
0-0: SINGLE (Groundball, 4D, EV 100.0 MPH) Tony Pantaleon scores
|
|
Batting: RHB Ashton Holloway
|
0-0: Called Strike 0-1: Foul Ball, location: 2F 0-2: Ball 1-2: Fly out, F9 (Flyball, 9D, EV 103.1 MPH)
|
| Bottom of the 5th over - 2 runs, 3 hits, 0 errors, 1 left on base; Corpus Christi 2 - Bowie 6 |
| TOP OF THE 6TH |
|
Corpus Christi Hooks batting - Pitching for Bowie Baysox : RHP Travis Tovey
|
|
Batting: RHB Jim Huff
|
0-0: Ball 1-0: Called Strike 1-1: Foul Ball, location: 2F 1-2: Foul Ball, location: 2F 1-2: Ball 2-2: Ball 3-2: Base on Balls
|
|
Batting: RHB Paul Shell
|
0-0: Fielders Choice at 2nd, 6-4 (Groundball, 6, EV 90.6 MPH)
|
|
Batting: RHB Antonio Gamez
|
0-0: Called Strike 0-1: Ball Paul Shell steals 2nd base (no throw) 1-1: Ball 2-1: Ground out 4-3 (Groundball, 4, EV 105.0 MPH) Paul Shell to third
|
|
Batting: LHB Nick Foutz
|
0-0: Swinging Strike 0-1: Foul Ball, location: 2F 0-2: SINGLE (Line Drive, 89S, EV 108.1 MPH) Paul Shell scores
|
|
Batting: LHB Sean Trueblood
|
0-0: Called Strike 0-1: Ball 1-1: Ball 2-1: Ground out U3 (Groundball, 3L, EV 102.5 MPH)
|
| Top of the 6th over - 1 run, 1 hit, 0 errors, 1 left on base; Corpus Christi 3 - Bowie 6 |
| BOTTOM OF THE 6TH |
|
Bowie Baysox batting - Pitching for Corpus Christi Hooks : RHP Bill Garcia
|
|
Batting: RHB Vince Jackson
|
0-0: Called Strike 0-1: DOUBLE (Groundball, 3L, EV 105.6 MPH)
|
|
Batting: SHB Justin Toth
|
0-0: Called Strike 0-1: DOUBLE (Flyball, 5D, EV 95.6 MPH) Vince Jackson scores
|
|
Batting: RHB Adam Swimmer
|
0-0: Called Strike 0-1: Called Strike 0-2: Strikes out swinging
|
|
Batting: RHB Francisco Viera
|
0-0: Foul Ball, location: 2F 0-1: Called Strike 0-2: Ball 1-2: Ball Passed Ball! Justin Toth to third 2-2: 2-RUN HOME RUN (Flyball, 7LD, EV 96.3 MPH), Distance : 360 ft
|
|
Pitching: LHP Bobby Doerr
|
|
|
Batting: RHB Danny Merrill
|
0-0: Ball 1-0: Ball 2-0: Called Strike 2-1: Fly out, F9 (Line Drive, 89M, EV 103.1 MPH)
|
|
Batting: SHB Tony Pantaleon
|
0-0: Ball 1-0: Swinging Strike 1-1: Ball 2-1: Swinging Strike 2-2: Strikes out swinging
|
| Bottom of the 6th over - 3 runs, 3 hits, 0 errors, 0 left on base; Corpus Christi 3 - Bowie 9 |
| TOP OF THE 7TH |
|
Corpus Christi Hooks batting - Pitching for Bowie Baysox : RHP Travis Tovey
|
|
Batting: SHB Nate Kopchak
|
0-0: Ball 1-0: Ball 2-0: SINGLE (Line Drive, 7S, EV 104.4 MPH)
|
|
Batting: LHB Daniel Lopez
|
0-0: Ball 1-0: Ball Nate Kopchak steals 2nd base (no throw) 2-0: Ball 3-0: Called Strike 3-1: Swinging Strike 3-2: Base on Balls
|
|
Pitching: RHP Ferri Adam
|
|
|
Batting: RHB Chris McGrath
|
0-0: Called Strike 0-1: Fly out, F8 (Flyball, 8RS, EV 96.9 MPH)
|
|
Batting: RHB Jordan Williams
|
0-0: Foul Ball, location: 2F 0-1: Foul Ball, location: 2F 0-2: Strikes out swinging
|
|
Batting: RHB Jim Huff
|
0-0: Ball 1-0: Called Strike 1-1: Fly out, F6 (Flyball, 56D, EV 88.8 MPH)
|
| Top of the 7th over - 0 runs, 1 hit, 0 errors, 2 left on base; Corpus Christi 3 - Bowie 9 |
| BOTTOM OF THE 7TH |
|
Bowie Baysox batting - Pitching for Corpus Christi Hooks : LHP Bobby Doerr
|
|
Batting: LHB Andrew Erens
|
0-0: Ground out U3 (Groundball, 34, EV 88.1 MPH)
|
|
Batting: RHB Andy Chess
|
0-0: Ball 1-0: Called Strike 1-1: Ball 2-1: Ball 3-1: Foul Ball, location: 2F 3-2: Base on Balls
|
|
Batting: RHB Ashton Holloway
|
0-0: Ball 1-0: Foul Ball, location: 2F 1-1: Ball 2-1: Ball 3-1: Base on Balls Andy Chess to second
|
|
Batting: RHB Vince Jackson
|
0-0: Ball 1-0: Ball 2-0: Ball 3-0: Base on Balls Andy Chess to third Ashton Holloway to second
|
|
Batting: SHB Justin Toth
|
0-0: Ball 1-0: Grounds into fielders choice 1-2 (Groundball, P, EV 66.9 MPH) Ashton Holloway to third Vince Jackson to second
|
|
Batting: RHB Adam Swimmer
|
0-0: SINGLE (Groundball, 6MD, EV 110.0 MPH) Ashton Holloway scores Vince Jackson to third Justin Toth to second Runner from 3rd tries for Home, SAFE, throw by CF to home
|
|
Batting: RHB Francisco Viera
|
0-0: Called Strike 0-1: Ball 1-1: Called Strike 1-2: Ball 2-2: Ball 3-2: Base on Balls Justin Toth to third Adam Swimmer to second
|
|
Batting: RHB Danny Merrill
|
0-0: Ground out 4-3 (Groundball, 4, EV 106.3 MPH)
|
| Bottom of the 7th over - 2 runs, 1 hit, 0 errors, 3 left on base; Corpus Christi 3 - Bowie 11 |
| TOP OF THE 8TH |
|
Corpus Christi Hooks batting - Pitching for Bowie Baysox : RHP Ferri Adam
|
|
Batting: RHB Paul Shell
|
0-0: Called Strike 0-1: Foul Ball, location: 2F 0-2: Strikes out looking
|
|
Batting: RHB Antonio Gamez
|
0-0: Ball 1-0: Swinging Strike 1-1: Ball 2-1: Called Strike 2-2: Strikes out swinging
|
|
Pinch Hitting: LHB Dylan LaRose
|
0-0: Called Strike 0-1: Foul Ball, location: 2F 0-2: Foul Ball, location: 2F 0-2: Foul Ball, location: 2F 0-2: Foul Ball, location: 2F 0-2: Ball 1-2: Strikes out swinging
|
| Top of the 8th over - 0 runs, 0 hits, 0 errors, 0 left on base; Corpus Christi 3 - Bowie 11 |
| BOTTOM OF THE 8TH |
|
Bowie Baysox batting - Pitching for Corpus Christi Hooks : LHP Bobby Doerr
|
|
Now in CF: Dylan LaRose
|
|
|
Batting: SHB Tony Pantaleon
|
0-0: Called Strike 0-1: Swinging Strike 0-2: Strikes out looking
|
|
Batting: LHB Andrew Erens
|
0-0: Called Strike 0-1: Ball 1-1: Foul Ball, location: 2F 1-2: Foul Ball, location: 2F 1-2: Foul Ball, location: 2F 1-2: Ground out 6-3 (Groundball, 6S, EV 65.6 MPH)
|
|
Batting: RHB Andy Chess
|
0-0: Ball 1-0: Ball 2-0: Ball 3-0: Base on Balls
|
|
Batting: RHB Ashton Holloway
|
0-0: Ball 1-0: Ball 2-0: DOUBLE (Flyball, 78XD, EV 115.0 MPH) Andy Chess to third
|
|
Batting: RHB Vince Jackson
|
0-0: Ball 1-0: Ball 2-0: Called Strike 2-1: Ball 3-1: Foul Ball, location: 2F 3-2: SINGLE (Groundball, 6S, EV 73.1 MPH) (infield hit) Andy Chess scores Ashton Holloway to third
|
|
Pitching: RHP Jon Manwaring
|
|
|
Batting: SHB Justin Toth
|
0-0: Called Strike 0-1: Ball 1-1: Ball 2-1: Ball 3-1: Called Strike 3-2: Ground out U3 (Groundball, 3, EV 105.0 MPH)
|
| Bottom of the 8th over - 1 run, 2 hits, 0 errors, 2 left on base; Corpus Christi 3 - Bowie 12 |
| TOP OF THE 9TH |
|
Corpus Christi Hooks batting - Pitching for Bowie Baysox : RHP Ferri Adam
|
|
Pinch Hitting: LHB Ray Fernandez
|
0-0: Called Strike 0-1: Ball 1-1: Swinging Strike 1-2: Strikes out swinging
|
|
Batting: SHB Nate Kopchak
|
0-0: Ball 1-0: Ball 2-0: Foul Ball, location: 2F 2-1: Called Strike 2-2: Ball 3-2: Ground out 5-3 (Groundball, 56, EV 86.9 MPH)
|
|
Batting: LHB Daniel Lopez
|
0-0: Called Strike 0-1: Ball 1-1: Ground out 5-3 (Groundball, 5L, EV 81.3 MPH)
|
| Top of the 9th over - 0 runs, 0 hits, 0 errors, 0 left on base; Corpus Christi 3 - Bowie 12 |
|